 Dungeon Crawl Stone Soup version 0.19.4-8-ga85b6b9 (webtiles) character file.

324 Elystan the Chopper (level 6, -6/48 HPs)
             Began as a Mummy Monk on Feb 14, 2017.
             Impaled on a porcupine's spines (11 damage)
             ... on level 5 of the Dungeon.
             The game lasted 00:08:54 (4067 turns).

Elystan the Chopper (Mummy Monk)                    Turns: 4067, Time: 00:08:55

Health: -6/48      AC:  6    Str: 15    XL:     6   Next: 23%
Magic:  6/6        EV: 12    Int:  9    God:
Gold:   187        SH:  2    Dex: 16    Spells: 0 memorised, 5 levels left

rFire  x . .     SeeInvis .     a - +0 hand axe
rCold  + . .     Gourm    .     p - +0 ring mail
rNeg   + + +     Faith    .     (no shield)
rPois  ∞         Spirit   .     (no helmet)
rElec  .         Reflect  +     (no cloak)
rCorr  .         Harm     .     m - +0 pair of gloves
MR     +....                    (no boots)
Stlth  +.........               g - +2 amulet of reflection
                                (no ring)
                                d - ring of protection from magic

@: no status effects
A: no food or potions, fire vulnerability, cold resistance 1, negative energy
resistance 3, torment resistance, unbreathing
a: no special abilities


You were on level 5 of the Dungeon.
You were not hungry.

You visited 1 branch of the dungeon, and saw 5 of its levels.

You collected 187 gold pieces.

Inventory:

Hand Weapons
 a - a +0 hand axe (weapon)
Armour
 m - a +0 pair of gloves (worn)
 p - a +0 ring mail (worn)
Jewellery
 d - a ring of protection from magic (left hand)
 f - an uncursed ring of fire
 g - a +2 amulet of reflection (around neck)
Wands
 n - a wand of iceblast (10/15)
 o - a wand of polymorph (14/24)
Scrolls
 b - 3 scrolls of random uselessness
 e - 2 scrolls of remove curse
 h - 3 scrolls of recharging
 i - a scroll of magic mapping {unknown}
 j - a scroll of noise {unknown}
 k - a scroll of fear {unknown}
 l - 2 scrolls of identify


   Skills:
 + Level 3.9 Fighting
 + Level 4.0 Axes
 + Level 0.8 Armour
 + Level 3.5 Dodging
 + Level 2.1 Stealth
 * Level 1.2 Evocations


You had 5 spell levels left.
You didn't know any spells.

Dungeon Overview and Level Annotations

Branches:
Dungeon (5/15)
 Temple: D:4-7

Altars:
Cheibriados
Yredelemnul

Annotations:
D:2 1 runed door
D:4 Menkaure, Sigmund
D:5 Grinder


Innate Abilities, Weirdness & Mutations

You do not eat or drink.
Your flesh is vulnerable to fire.
You are immune to poison.
Your flesh is cold resistant. (rC+)
You are immune to negative energy. (rN+++)
You are immune to unholy pain and torment.
You can survive without breathing.


Message History

You miss the porcupine.
The porcupine is heavily wounded.
The porcupine bites you.
* * * LOW HITPOINT WARNING * * *
You barely miss the porcupine.
The porcupine is heavily wounded.
The porcupine barely misses you. x2
You are struck by the porcupine's spines.
* * * LOW HITPOINT WARNING * * *
You hit the porcupine.
The porcupine is almost dead.
The porcupine bites you but does no damage.
You barely miss the porcupine.
The porcupine is almost dead.
The porcupine misses you.
You miss the porcupine.
The porcupine is almost dead.
The porcupine closely misses you.
You are struck by the porcupine's spines.
You die...

#.........o #.#.#
#........)o...... .#Y#.#
#........##...... #.#5#o#
#........##...... #.#o#.#
#........##.#.#.# #.#o#.#
#........#......# #.#.#.#
#........#......# #.#.#.#
#.......r#......###.#...#
#.......@#....).......#.#
##########.....####...#.#
#.........[#.#.#
#............#.#
########.......#o#
#...........!..).#
#.######......####
#.>........ #.#.#......


You could see a porcupine.

Vanquished Creatures
  2 howler monkeys
  2 orc priests
  A hound (D:5)
  An orc wizard (D:4)
  A worker ant (D:3)
  A gnoll (D:1)
  2 adders
  2 dart slugs
  A worm (D:3)
  4 orcs (D:3)
  6 giant cockroaches
  10 goblins
  11 hobgoblins
  2 jackals (D:3)
  3 quokkas (D:3)
  A ball python (D:5)
  7 bats
  8 frilled lizards
  4 kobolds
  A leopard gecko zombie (D:5)
  8 rats
78 creatures vanquished.

Notes
Turn   | Place    | Note
-------+----------+-------------------------------------------
     0 | D:1      | Elystan the Mummy Monk began the quest for the Orb.
     0 | D:1      | Reached XP level 1. HP: 18/18 MP: 1/1
    24 | D:1      | Reached XP level 2. HP: 18/24 MP: 2/2
   622 | D:1      | Reached XP level 3. HP: 29/29 MP: 3/3
  1027 | D:2      | Found a runed door.
  1056 | D:2      | Found a snail-covered altar of Cheibriados.
  1902 | D:3      | Reached XP level 4. HP: 35/36 MP: 4/4
  2057 | D:3      | Reached skill level 3 in Axes
  3186 | D:3      | Reached XP level 5. HP: 42/42 MP: 5/5
  3209 | D:4      | Reached skill level 1 in Evocations
  3371 | D:4      | Found a basalt altar of Yredelemnul.
  3415 | D:4      | Noticed Sigmund
  3445 | D:5      | Entered Level 5 of the Dungeon
  3714 | D:4      | Noticed an ogre
  3715 | D:4      | Noticed Menkaure
  3719 | D:5      | Reached skill level 4 in Axes
  3719 | D:5      | Reached XP level 6. HP: 43/48 MP: 6/6
  3920 | D:5      | Noticed an ice beast
  3925 | D:5      | Noticed an orc warrior
  3930 | D:5      | Noticed Grinder
  4053 | D:5      | Noticed a porcupine
  4053 | D:5      | an orc warrior changed into a porcupine
  4067 | D:5      | Impaled on a porcupine's spines

Skill      XL: |  1  2  3  4  5 |
---------------+----------------+-----
Dodging        | 3 |  3.5
Axes           | 3 4 |  4.0
Stealth        | 2 |  2.1
Evocations     | 1 |  1.2
Fighting       | |  3.9
Armour         | |  0.8

Action                   |  1- 3 |  4- 6 || total
-------------------------+-------+-------++-------
Melee: Hand axe          |   136 |   191 ||   327
Evoke: Wand              |       |     1 ||     1
  Use: Scroll            |       |     5 ||     5
 Stab: Sleeping          |     6 |     2 ||     8
Armor: Robe              |    19 |    14 ||    33
       Ring mail         |       |    41 ||    41
Dodge: Dodged            |    79 |   164 ||   243
Block: Other             |     5 |    13 ||    18
